 Dungeon Crawl Stone Soup version 0.18.1-6-gd335043 (webtiles) character file.

7424 inmateoo the Spear-Bearer (level 11, -18/102 HPs)
             Began as a Hill Orc Fighter on May 19, 2016.
             Was an Elder of Beogh.
             Killed from afar by a storm dragon (25 damage)
             ... with a bolt of lightning
             ... on level 11 of the Dungeon on May 20, 2016.
             The game lasted 00:12:03 (8741 turns).

inmateoo the Spear-Bearer (Hill Orc Fighter)        Turns: 8741, Time: 00:12:04

Health: -18/102    AC: 16    Str: 27    XL:     11   Next: 15%
Magic:  0/11       EV:  7    Int:  8    God:    Beogh [****..]
Gold:   307        SH: 12    Dex: 14    Spells: 0 memorised, 10 levels left

rFire  . . .     SeeInvis .     A - +7 trident of Abuse {flame, Str+4}
rCold  + . .     Gourm    .     H - +0 chain mail {rPois}
rNeg   . . .     Faith    .     E - +0 shield
rPois  +         Spirit   +     y - +2 hat
rElec  .         Dismiss  .     I - +0 cloak
rCorr  .         Reflect  .     D - +0 pair of gloves
SustAt .         Harm     .     (no boots)
MR     .....                    g - amulet of guardian spirit
Stlth  ..........               l - ring of protection from cold
                                i - +4 ring of dexterity

@: very slightly contaminated, hasted, very quick, not resistant to hostile
enchantments, extremely unstealthy
A: no striking features
a: Smiting, Recall Orcish Followers, Renounce Religion


You were on level 11 of the Dungeon.
You worshipped Beogh.
Beogh was greatly pleased with you.
You were not hungry.

You visited 1 branch of the dungeon, and saw 11 of its levels.

You collected 665 gold pieces.
You spent 358 gold pieces at shops.

Inventory:

Hand Weapons
 a - a +0 war axe
 A - the +7 trident of Abuse (weapon) {flame, Str+4}
   (You found it on level 4 of the Dungeon)

   It has been specially enchanted to burn those struck by it, causing extra
   injury to most foes and up to half again as much damage against particularly
   susceptible opponents.
   It affects your strength (+4).
Armour
 y - a +2 hat (worn)
 D - a +0 pair of gloves (worn)
 E - a +0 shield (worn)
 H - a +0 chain mail of poison resistance (worn)
 I - a +0 cloak (worn)
Jewellery
 g - an amulet of guardian spirit (around neck)
 i - a +4 ring of dexterity (left hand)
 l - a ring of protection from cold (right hand)
 w - an uncursed amulet of magic regeneration {unknown}
 C - an uncursed amulet of rage
Wands
 F - a wand of polymorph (12/24)
 K - a wand of enslavement (18/24)
 L - a wand of paralysis (9/24)
 P - a wand of disintegration (15/24)
Scrolls
 m - 3 scrolls of blinking {unknown}
 n - 4 scrolls of noise {unknown}
 o - a scroll of fog {unknown}
 r - 4 scrolls of random uselessness {unknown}
 s - a scroll of amnesia {unknown}
 u - 5 scrolls of remove curse {unknown}
 v - a scroll of teleportation {unknown}
 B - a scroll of enchant weapon {unknown}
 G - a scroll of summoning {unknown}
 J - a scroll of vulnerability {unknown}
Potions
 b - a potion of brilliance
 d - 4 potions of might
 e - a potion of haste
 h - 2 potions of magic
 j - 4 potions of berserk rage {unknown}
 k - a potion of heal wounds
 q - a potion of invisibility {unknown}
 t - 12 potions of curing
 R - a potion of agility {unknown}
Books
 c - a book of Changes

   Spells                             Type                      Level
   a - Beastly Appendage              Transmutation                1
   b - Sticks to Snakes               Transmutation                2
   c - Spider Form                    Transmutation/Poison         3
   d - Ice Form                       Ice/Transmutation            4
   e - Blade Hands                    Transmutation                5
 x - a book of Dreams

   Spells                             Type                      Level
   a - Ensorcelled Hibernation        Hexes/Ice                    2
   b - Silence                        Hexes/Air                    5
   c - Darkness                       Hexes                        6
   d - Shadow Creatures               Summoning                    6
 O - a book of Cantrips

   Spells                             Type                      Level
   a - Corona                         Hexes                        1
   b - Animate Skeleton               Necromancy                   1
   c - Summon Small Mammal            Summoning                    1
   d - Apportation                    Translocation                1
Comestibles
 f - 11 bread rations
 p - 5 beef jerkies
 z - 2 meat rations
 M - 6 slices of pizza
 N - 3 fruits
 Q - 5 chunks of flesh


   Skills:
 + Level 11.4 Fighting
 - Level 6.2(11.8) Axes
 * Level 13.1(13.5) Polearms
 + Level 7.0 Armour
 + Level 7.1 Shields


You had 10 spell levels left.
You didn't know any spells.

Dungeon Overview and Level Annotations

Branches:
Dungeon (11/15)            Temple (0/1) D:5            Lair (0/8) D:9
    Orc: D:9-12

Altars:
Dithmenos
Elyvilon
Kikubaaqudgha
Makhleb
Okawaru
Pakellas
Qazlal
Ru
Trog
Vehumet
Xom
Zin
The Shining One

Shops:
D:4 !   D:5 *   D:8 [   D:9 *


Message History

Beogh accepts your kill.
You feel a bit more experienced.
The storm dragon breathes lightning at you.
The bolt of lightning hits you!
* * * LOW HITPOINT WARNING * * *
Drink which item? (? for menu, Esc to quit)
You feel much better.
Drink which item? (? for menu, Esc to quit)
You feel yourself speed up.
You are very lightly contaminated with residual magic.
Something bites Orgrim!!
As you open the door, it creaks loudly!
Orgrim hits the giant frog skeleton with a falchion!
The giant frog skeleton hits Orgrim.
Orgrim dies!
The storm dragon breathes lightning at you.
The bolt of lightning hits you!
* * * LOW HITPOINT WARNING * * *
The bolt of lightning hits you!
You die...

.# .# .# ..# ..# #....
#########.# +....#........#.#
#........
#....#.#+####.@.###+###>.......
#....#.#....#.#.......#........
#....#.#....#.#.......#........
#..<.#.#...Z#D#.......#........
###....#.#.lzD#.#.##....#........
.......'.####'#Z#.#####'#o.......
.....oo#...oo.).#.#..............
.....oo##########.+..............
..........).(.(.(.#..............


You could see a storm dragon and a giant frog skeleton.

Vanquished Creatures
  A shadow (D:9)
  A human (D:9)
  2 hogs (D:9)
  A hippogriff (D:7)
  A water moccasin (D:9)
  3 orc warriors
  3 ice beasts
  A phantom (D:7)
  2 necrophages
  A black bear (D:6)
  6 ogres
  4 centaurs
  7 giant frogs
  2 water moccasin zombies
  3 scorpions
  2 killer bees (D:10)
  8 wights
  4 howler monkeys
  7 electric eels (D:6)
  A giant frog zombie (D:6)
  3 crimson imps
  2 quasits
  4 orc priests
  3 hounds
  2 giant frog skeletons
  10 jellies
  6 orc wizards
  2 centaur skeletons
  2 iguanas
  A statue (D:6)
  7 worker ants
  2 sheep (D:9)
  A hound skeleton (D:8)
  A worker ant zombie (D:7)
  A howler monkey skeleton (D:4)
  4 gnolls (D:7)
  12 adders
  4 shadow imps
  14 oozes
  An adder skeleton (D:5)
  6 worms
  2 dart slugs
  4 giant geckos
  17 orcs
  8 bats
  6 giant cockroaches
  7 goblins
  7 hobgoblins
  10 jackals
  10 kobolds
  4 quokkas
  A ball python skeleton (D:6)
  A giant gecko skeleton (D:4)
  6 giant newts
  12 rats
243 creatures vanquished.

Vanquished Creatures (collateral kills)
  A hill giant (D:10)
  An oklob plant (D:9)
  A water moccasin (D:9)
  2 scorpions
  3 killer bees (D:10)
  2 wights
  A worker ant (D:9)
  2 orcs (D:10)
13 creatures vanquished.

Vanquished Creatures (others)
  An orc knight (D:11)
  An orc warrior (D:11)
  An orc (D:9)
  2 quokkas
  5 fungi (D:9)
10 creatures vanquished.

Grand Total: 266 creatures vanquished

Notes
Turn   | Place    | Note
--------------------------------------------------------------
     0 | D:1      | inmateoo the Hill Orc Fighter began the quest for the Orb.
     0 | D:1      | Reached XP level 1. HP: 19/19 MP: 1/1
   139 | D:1      | Reached XP level 2. HP: 26/27 MP: 2/2
   936 | D:2      | Reached XP level 3. HP: 28/33 MP: 3/3
  1346 | D:2      | Reached XP level 4. HP: 39/40 MP: 4/4
  1547 | D:2      | Found a glowing silver altar of Zin.
  1706 | D:2      | Found an ancient bone altar of Kikubaaqudgha.
  1819 | D:3      | Reached XP level 5. HP: 47/47 MP: 5/5
  2708 | D:3      | Became a worshipper of Beogh the Brigand
  2762 | D:4      | Reached skill level 5 in Axes
  2875 | D:4      | Found a shimmering altar of Xom.
  2897 | D:4      | Reached * piety under Beogh
  2897 | D:4      | Reached XP level 6. HP: 49/55 MP: 6/6
  2909 | D:4      | Found a white marble altar of Elyvilon.
  2918 | D:4      | Reached skill level 5 in Fighting
  2983 | D:4      | Found Binu's Distillery.
  2986 | D:4      | Bought a potion of curing for 33 gold pieces
  2986 | D:4      | Bought a potion of curing for 33 gold pieces
  2986 | D:4      | Bought a potion of curing for 33 gold pieces
  2986 | D:4      | Bought a potion of haste for 110 gold pieces
  2988 | D:4      | Found an iron altar of Okawaru.
  3115 | D:4      | Found a glowing golden altar of the Shining One.
  3193 | D:4      | Noticed a moth of wrath
  3196 | D:4      | Found a bloodstained altar of Trog.
  3441 | D:4      | Got a crystal trident
  3443 | D:4      | Got an ichor-stained falchion
  3461 | D:4      | Identified the +7 trident of Abuse {flame, Str+4} (You found it on level 4 of the Dungeon)
  3462 | D:4      | Identified the +8 falchion of Onydyif {drain, *Contam rC+ Int-4 Dex+5} (You found it on level 4 of the Dungeon)
  3481 | D:4      | Gained mutation: Potions and wands are less effective at restoring your health. [mutagenic glow]
  3507 | D:5      | Entered Level 5 of the Dungeon
  3568 | D:5      | Reached skill level 5 in Shields
  3600 | D:5      | Reached skill level 1 in Polearms
  3600 | D:5      | Reached XP level 7. HP: 61/61 MP: 7/7
  3613 | D:5      | Found a staircase to the Ecumenical Temple.
  3632 | D:5      | Reached skill level 2 in Polearms
  3725 | D:5      | Reached skill level 3 in Polearms
  3818 | D:5      | Found Medyumuj's General Store.
  3826 | D:5      | Bought a scroll of identify for 22 gold pieces
  3900 | D:5      | Gained mutation: Potions and wands are poor at restoring your health. [potion of mutation]
  3900 | D:5      | Gained mutation: You have a pair of small horns on your head. [potion of mutation]
  3900 | D:5      | Gained mutation: Your body sometimes deteriorates upon taking damage. [potion of mutation]
  3901 | D:5      | Lost mutation: Your body sometimes deteriorates upon taking damage. [potion of cure mutation]
  3901 | D:5      | Lost mutation: You have a pair of small horns on your head. [potion of cure mutation]
  3901 | D:5      | Lost mutation: Potions and wands are poor at restoring your health. [potion of cure mutation]
  3901 | D:5      | Lost mutation: Potions and wands are less effective at restoring your health. [potion of cure mutation]
  3907 | D:5      | Reached skill level 10 in Fighting
  3907 | D:5      | Reached skill level 11 in Polearms
  3907 | D:5      | Reached XP level 8. HP: 79/79 MP: 8/8
  4360 | D:6      | Reached XP level 9. HP: 86/86 MP: 9/9
  4376 | D:6      | Reached skill level 5 in Armour
  4740 | D:6      | Reached ** piety under Beogh
  5845 | D:6      | Found a radiant altar of Vehumet.
  6153 | D:7      | Found a shadowy altar of Dithmenos.
  6270 | D:7      | Reached skill level 12 in Polearms
  6270 | D:7      | Reached XP level 10. HP: 94/94 MP: 10/10
  6664 | D:8      | Reached *** piety under Beogh
  6891 | D:8      | Found Nuargh's Armour Shoppe.
  7296 | D:8      | Found an oddly glowing altar of Pakellas.
  7421 | D:9      | Found a burning altar of Makhleb.
  7488 | D:9      | Found a staircase to the Lair.
  7503 | D:9      | Found a stormy altar of Qazlal.
  7599 | D:9      | Noticed an oklob plant
  7612 | D:9      | Reached **** piety under Beogh
  7624 | D:9      | Gained Bogmar as an ally
  7640 | D:9      | Killed an oklob plant
  7736 | D:9      | Found Bifamoh's Serpentskin Sales.
  7926 | D:9      | Bought a +0 chain mail of poison resistance for 127 gold pieces
  8027 | D:9      | Found a sacrificial altar of Ru.
  8287 | D:10     | Entered Level 10 of the Dungeon
  8355 | D:10     | Noticed a hill giant
  8361 | D:10     | Killed a hill giant
  8361 | D:10     | Reached skill level 13 in Polearms
  8361 | D:10     | Reached XP level 11. HP: 89/102 MP: 9/11
  8390 | D:10     | Gained Orgrim as an ally
  8727 | D:11     | Noticed a storm dragon
  8736 | D:11     | HP: 5/102 [storm dragon/bolt of lightning (37)]
  8740 | D:11     | Your ally Orgrim died
  8741 | D:11     | Killed from afar by a storm dragon

Skill      XL: |  1  2  3  4  5  6  7  8  9 10 11 |
---------------+----------------------------------+-----
Axes           | 3 4 5 6 |  6.2
Fighting       | 4 5 10 11 | 11.4
Shields        | 4 5 6 7 |  7.1
Armour         | 4 5 6 7 |  7.0
Polearms       | 1 11 12 13 | 13.1

Action                   |  1- 3 |  4- 6 |  7- 9 | 10-12 || total
-------------------------+-------+-------+-------+-------++-------
Melee: War axe           |   105 |   225 |       |       ||   330
       Trident           |       |    10 |   161 |   218 ||   389
Invok: Convert to Beogh  |       |     1 |       |       ||     1
       Recall Orcish Fol |       |       |       |     2 ||     2
Evoke: Wand              |       |       |     3 |       ||     3
  Use: Scroll            |       |       |     7 |       ||     7
       Potion            |       |       |     3 |     2 ||     5
 Stab: Distracted        |       |       |       |     1 ||     1
  Eat: Chunk             |     1 |     8 |     3 |     6 ||    18
       Pizza             |       |       |     1 |     1 ||     2
       Meat ration       |       |       |     1 |       ||     1
Armor: Scale mail        |    43 |    75 |       |       ||   118
       Chain mail        |       |    69 |    37 |    51 ||   157
Dodge: Dodged            |    24 |    63 |    31 |    25 ||   143
Block: Shield            |    52 |   144 |    35 |    45 ||   276
